 Dungeon Sprint DCSS version 0.31-a0-37-g98a128e1d9 (webtiles) character file.

Game seed: 7027197511695356654

140 bmack86 the Chopper (level 5, -3/50 HPs)
             Began as a Minotaur Fighter on May 15, 2023.
             Was a Believer of Okawaru.
             Slain by a gnoll sergeant
             ... wielding a +0 trident of distortion
              (10 damage)
             ... in the Dungeon (Sprint VII: "The Pits").
             The game lasted 00:01:29 (213 turns).

bmack86 the Chopper (Minotaur Fighter)               Turns: 213, Time: 00:01:30

Health: -3/50      AC:  9    Str: 22    XL:     5   Next: 2%
Magic:  3/6        EV: 11    Int:  5    God:    Okawaru [**....]
Gold:   0          SH:  6    Dex: 10    Spells: 4/4 levels left

rFire   . . .        a - +0 war axe
rCold   . . .        c - +0 buckler
rNeg    . . .        b - +0 scale mail
rPois   .            (helmet restricted)
rElec   .            (no cloak)
rCorr   .            (no gloves)
SInv    .            (no boots)
Will    .....        (no amulet)
Stlth   +            (no ring)
HPRegen 0.28/turn    (no ring)
MPRegen 0.10/turn

%: no teleportation
@: heroic
A: horns 2, retaliatory headbutt
a: Renounce Religion, Heroism


You were in the Dungeon.
You worshipped Okawaru.
Okawaru was pleased with you.
You visited 1 branch

Inventory:

Hand Weapons
 a - a +0 war axe (weapon)
Armour
 b - a +0 scale mail (worn)
 c - a +0 buckler (worn)
Scrolls
 j - a scroll of blinking
 l - 5 scrolls of amnesia
Potions
 d - a potion of might
 e - a potion of curing
 f - a potion of heal wounds
 g - a potion of haste
 h - 4 potions of magic
 i - 3 potions of berserk rage
 k - 2 potions of invisibility


   Skills:
 + Level 6.0(11.0) Fighting
 * Level 7.4(12.4) Axes
 + Level 6.0(11.0) Armour
 + Level 6.1(11.1) Shields
 + Level 3.7 Invocations


You had 4 spell levels left.
You didn't know any spells.
Your spell library was empty.

Dungeon Overview and Level Annotations

Branches:
Dungeon (1/1)

Altars:
Ashenzari
Cheibriados
Dithmenos
Elyvilon
Fedhas
Gozag
Hepliaklqana
Kikubaaqudgha
Makhleb
Nemelex Xobeh
Okawaru
Qazlal
Ru
Sif Muna
Trog
Uskayaw
Vehumet
Wu Jian
Xom
Yredelemnul
Zin
The Shining One
Jiyva
Lugonu


Innate Abilities, Weirdness & Mutations

You have a pair of horns on your head.
You reflexively headbutt those who attack you in melee.


Message History

A gnoll comes into view. It is wielding a +0 spear.
The gnoll shouts!
You hear a shout! x3
The gnoll hits you but does no damage.
A gnoll comes into view. It is wielding a +0 whip.
You hear a shout! x2 2 gnolls and a bat come into view.
The gnoll shouts! x2
A gnoll comes into view. It is wielding a +0 spear.
The gnoll barely misses you. You furiously retaliate!
You headbutt the gnoll.
The bat moves out of view.
There is an open door here.
You slash the gnoll!
You kill the gnoll!
Okawaru accepts your kill.
You hit the gnoll but do no damage. The gnoll barely misses you.
Your Shields skill increases to level 6!
A gnoll sergeant comes into view.
It is wielding a +0 trident of distortion.
You gain the combat prowess of a mighty hero.
The gnoll hits you from afar with a +0 spear.
A ball python zombie comes into view.
You barely miss the gnoll.
The gnoll is lightly wounded.
You block the gnoll's attack. The gnoll closely misses you.
The gnoll sergeant hits you from afar with a +0 trident of distortion.
Space warps horribly around you!
You slash the gnoll! You headbutt the gnoll.
You kill the gnoll!
Okawaru accepts your kill.
You barely miss the gnoll. You block the gnoll's attack.
The gnoll sergeant hits you from afar with a +0 trident of distortion!
Space warps horribly around you!
* * * LOW HITPOINT WARNING * * *
Your base Fighting skill increases to level 6!
Your base Armour skill increases to level 6!
You have reached level 5!
You barely miss the gnoll. You hit the bat but do no damage.
You block the bat's attack. You block the gnoll's attack.
The gnoll hits you but does no damage.
The gnoll sergeant hits you from afar with a +0 trident of distortion!
You die...

##########.##........
#...........'........
#'#####'#####......#.
#.#..#..# #........
#.#..†..# ####'####
#.#..#### #.......#
#.#..# #.......#
#.#..# #.......#
#.##@# #...<...#
#.#.g.g....##.......#
#.#..bg....##.......#
#+###########.......#
#########


You could see a gnoll sergeant, 2 gnolls and a bat.

Vanquished Creatures
  A floating eye (D)
  2 gnolls (D)
  An adder (D)
  An ufetubus (D)
  An endoplasm (D)
  A hobgoblin (D)
  2 jackals (D)
9 creatures vanquished.

Notes
Turn   | Place    | Note
-------+----------+-------------------------------------------
     0 | D        | bmack86 the Minotaur Fighter began the quest for the Orb.
     0 | D        | Reached XP level 1. HP: 19/19 MP: 0/0
    31 | D        | Reached skill level 3 in Axes
    35 | D        | Found a bloodstained altar of Trog.
    35 | D        | Found a shimmering blue altar of Sif Muna.
    35 | D        | Found a viscous altar of Jiyva.
    35 | D        | Found a hazy altar of Hepliaklqana.
    35 | D        | Found an opulent altar of Gozag.
    36 | D        | Found a glowing golden altar of the Shining One.
    36 | D        | Found a glowing silver altar of Zin.
    36 | D        | Found a basalt altar of Yredelemnul.
    36 | D        | Found a shimmering altar of Xom.
    36 | D        | Found an ornate altar of the Wu Jian Council.
    36 | D        | Found a sacrificial altar of Ru.
    36 | D        | Found a stormy altar of Qazlal.
    36 | D        | Found an iron altar of Okawaru.
    36 | D        | Found a sparkling altar of Nemelex Xobeh.
    36 | D        | Found a burning altar of Makhleb.
    36 | D        | Found a blossoming altar of Fedhas.
    36 | D        | Found a white marble altar of Elyvilon.
    36 | D        | Found a shadowy altar of Dithmenos.
    36 | D        | Found a snail-covered altar of Cheibriados.
    38 | D        | Found a radiant altar of Vehumet.
    38 | D        | Found a corrupted altar of Lugonu.
    39 | D        | Found a hide-covered altar of Uskayaw.
    39 | D        | Found an ancient bone altar of Kikubaaqudgha.
    39 | D        | Found a broken altar of Ashenzari.
    44 | D        | Became a worshipper of Warmaster Okawaru
    93 | D        | Noticed a floating eye
    99 | D        | Paralysed by a floating eye for 4 turns
   105 | D        | Killed a floating eye
   105 | D        | Reached * piety under Okawaru
   105 | D        | Reached ** piety under Okawaru
   106 | D        | Reached skill level 5 in Fighting
   106 | D        | Reached skill level 6 in Axes
   106 | D        | Reached skill level 5 in Armour
   106 | D        | Reached skill level 5 in Shields
   106 | D        | Reached XP level 2. HP: 26/29 MP: 0/3
   106 | D        | Reached XP level 3. HP: 32/36 MP: 0/4
   106 | D        | Reached XP level 4. HP: 37/42 MP: 0/5
   202 | D        | Reached skill level 7 in Axes
   210 | D        | Noticed a gnoll sergeant
   213 | D        | Reached XP level 5. HP: 6/50 MP: 3/6
   213 | D        | Slain by a gnoll sergeant

Illustrated notes

Levels and vault maps discovered:
D:        pitsprint [storerooms_1, entrance_room_1, metal_vault_3, armoury_1,
          mini_pit_1, grid_room_1, main_hall_1, silver_pit, the_coven_1,
          the_vestibule_1, steel_vault_2, golden_pit, hallway_of_sentries,
          crystal_vault_6, iron_vault_2, final_vault]

Skill      XL: |  1  2  3  4 |
---------------+-------------+-----
Axes           | 6 7 |  7.4
Fighting       | 5 6 |  6.0
Armour         | 5 6 |  6.0
Shields        | 5 6 |  6.1
Invocations    | 3 |  3.7

Action                     |  1- 3 |  4- 6 || total
---------------------------+-------+-------++-------
  Melee: War axe           |     8 |    12 ||    20
         Headbutt          |       |     2 ||     2
 Invoke: Heroism           |       |     1 ||     1
 Armour: Scale mail        |     8 |     6 ||    14
  Dodge: Dodged            |    15 |    10 ||    25
  Block: Buckler           |     3 |     7 ||    10

Table legend: (Time is in decaauts)
 A = Elapsed time spent in this place.
 B = Non-inter-level travel time spent in this place.
 C = Inter-level travel time spent in this place.
 D = Time resting spent in this place.
 E = Time spent auto-exploring this place.
 F = Levels seen in this place.
 G = Mean time per level.
                   A        B        C        D        E       F      G
               +--------+--------+--------+--------+--------+-----+--------+
         Total |    217 |    217 |      0 |     48 |      0 |   1 |  217.0 |
       Dungeon |    217 |    217 |      0 |     48 |      0 |   1 |  217.0 |
               +--------+--------+--------+--------+--------+-----+--------+

Top non-repeatable levels by time:
       D: 217 daAuts
